 Dungeon Crawl Stone Soup version 0.31.0-12-g77e489cdc1 (console) character file.

Game seed: 1352159143433100782

1549 Mulxbf the Cleaver (level 8, -2/67 HPs)
             Began as a Minotaur Fighter on Feb 11, 2024.
             Was a Follower of Nemelex Xobeh.
             Slain by an unseen horror (4 damage)
             ... on level 7 of the Dungeon.
             The game lasted 00:21:53 (6577 turns).

Mulxbf the Cleaver (Minotaur Fighter)               Turns: 6577, Time: 00:21:54

Health: -2/67      AC: 10    Str: 22    XL:     8   Next: 57%
Magic:  8/8        EV:  8    Int:  5    God:    Nemelex Xobeh [*.....]
Gold:   532        SH:  4    Dex: 11    Spells: 7/7 levels left

rFire   . . .        a - +0 war axe (drain)
rCold   . . .        c - +0 buckler
rNeg    + . .        f - +0 chain mail
rPois   .            (helmet restricted)
rElec   .            (no cloak)
rCorr   .            (no gloves)
SInv    .            o - +0 pair of boots
Will    .....        y - amulet of faith Stlth
                     h - ring of positive energy
HPRegen 0.31/turn    (no ring)
MPRegen 0.11/turn

%: faith
@: no status effects
A: horns 2, retaliatory headbutt
a: Renounce Religion, Draw Escape, Draw Destruction, Draw Summoning


You were on level 7 of the Dungeon.
You worshipped Nemelex Xobeh.
Nemelex Xobeh was aware of your devotion.
You visited 1 branch of the dungeon, and saw 7 of its levels.
You also visited: Sewer.

You collected 532 gold pieces.

Inventory:

Hand Weapons
 a - a +0 war axe of draining (weapon)
 x - a +4 dire flail of holy wrath
Missiles
 D - 2 poisoned darts
Armour
 c - a +0 buckler (worn)
 f - a +0 chain mail (worn)
 o - a +0 pair of boots (worn)
Jewellery
 h - a ring of positive energy (left hand)
 y - an amulet of faith (around neck)
 z - a ring of fire
 F - an amulet of regeneration
Wands
 q - a wand of light (10) (quivered)
 A - a wand of mindburst (36)
Scrolls
 b - a scroll of noise
 e - a scroll of identify
 i - 5 scrolls of teleportation
 j - 2 scrolls of silence
 m - a scroll of vulnerability
 n - a scroll of fog
 p - a scroll of brand weapon
 r - 4 scrolls of enchant weapon
 t - a scroll of amnesia {unknown}
 v - a scroll of immolation {unknown}
 G - a scroll of torment {unknown}
Potions
 d - 2 potions of might
 g - 5 potions of enlightenment
 k - a potion of heal wounds {unknown}
 l - a potion of mutation {unknown}
 s - 3 potions of curing
 u - a potion of lignification {unknown}
 w - a potion of invisibility {unknown}
 B - a potion of ambrosia {unknown}
 C - a potion of degeneration {unknown}
 E - a potion of brilliance {unknown}


   Skills:
 + Level 4.7 Fighting
 * Level 11.8 Axes
 + Level 4.8 Armour
 - Level 3.8 Shields
 + Level 2.1 Invocations


You had 7 spell levels left.
You didn't know any spells.
Your spell library contained the following spells:

 Spells                   Type           Power      Damage    Failure   Level
 Magic Dart               Conj           0%         1d3       99%         1
 Slow                     Hex            0%         N/A       99%         1
 Blink                    Tloc           0%         N/A       99%         2
 Call Imp                 Summ           0%         N/A       99%         2
 Mercury Vapours          Alch/Air       0%         N/A       99%         2
 Confusing Touch          Hex            0%         N/A       100%        3
 Fugue of the Fallen      Necr           0%         N/A       100%        3
 Inner Flame              Hex/Fire       0%         N/A       100%        3
 Mephitic Cloud           Conj/Alch/Air  0%         N/A       100%        3
 Ozocubu's Armour         Ice            0%         N/A       100%        3
 Sigil of Binding         Hex            0%         N/A       100%        3
 Vampiric Draining        Necr           0%         2d6       100%        3
 Flame Wave               Conj/Fire      0%         2d4       100%        4
 Manifold Assault         Tloc           0%         N/A       100%        4
 Sticky Flame             Fire/Alch      0%         2d4       100%        4
 Freezing Cloud           Conj/Ice/Air   0%         6-21      100%        5


Dungeon Overview and Level Annotations

Branches:
Dungeon (7/15)             Temple (0/1) D:4           Sewer (visited)

Altars:
Nemelex Xobeh

Annotations:
D:4 2 transporters
D:7 3 runed translucent doors


Innate Abilities, Weirdness & Mutations

You have a pair of horns on your head.
You reflexively headbutt those who attack you in melee.


Message History

Something hits you but does no damage. Something hits you but does no damage.
Something hits you.
You barely miss something. Your headbutt misses something. Something hits you.
Something hits you! Something hits you but does no damage.
Something completely misses you.
You barely miss something.
Something hits you but does no damage. x2
You slash something! Your headbutt misses something.
Something hits you but does no damage. x2
You closely miss something. Something completely misses you.
Something hits you but does no damage.
You barely miss something. Something hits you but does no damage.
You closely miss something. Something hits you.
Something hits you but does no damage.
You closely miss something. Something hits you. x2
You barely miss something. Something hits you but does no damage.
Something hits you.
You closely miss something. Something hits you. Something hits you.
Something hits you but does no damage. Something hits you.
Something hits you but does no damage. Something hits you. Something hits you.
Something hits you but does no damage. x2
You miss something. Your headbutt misses something. Something hits you.
You block something's attack.
You miss something. Something hits you but does no damage. Something hits you.
Something hits you. Something hits you!
* * * LOW HITPOINT WARNING * * *
Something hits you.
* * * LOW HITPOINT WARNING * * *
Something hits you but does no damage. x2
You slash something! You headbutt something. Something hits you.
* * * LOW HITPOINT WARNING * * *
Something hits you.
* * * LOW HITPOINT WARNING * * *
You completely miss something. Something hits you!
* * * LOW HITPOINT WARNING * * *
Something hits you.
* * * LOW HITPOINT WARNING * * *
You hit something but do no damage. Something hits you.
You die...
Your body disappears without a glow.

#........?.............
#........##.##.........
#....#'### ............
#....#.# .##.#.......
#....#.#.##.## #.######
#....#.#..<..#
#....#.#.....#
######.#..o..#
#.#.....# #{#...{.#
#@#.....# #.#.#...#
#.#.....# #.# #.# #.#
#.# #..


There were no monsters in sight!

Vanquished Creatures
  Prince Ribbit (D:5)
  Edmund (D:5)
  An orc warrior (D:7)
  2 ogres (D:5)
  A black bear (D:7)
  Blork the orc (D:6)
  2 howler monkeys
  2 bombardier beetles (D:5)
  3 hounds
  2 orc priests
  Ijyb (D:3)
  7 orc wizards
  A hell rat (Sewer)
  3 gnolls (D:5)
  6 adders
  5 river rats
  A shadow imp (D:5)
  A white imp (D:5)
  2 ufetubi (D:6)
  3 ribbon worms
  11 orcs
  14 bats
  4 endoplasms
  3 giant cockroaches
  5 goblins
  10 hobgoblins
  6 jackals (D:2)
  6 kobolds
  3 quokkas
  7 ball pythons
  2 frilled lizards
  12 rats
129 creatures vanquished.

Vanquished Creatures (collateral kills)
  2 orc priests (D:7)
  An orc (D:7)
3 creatures vanquished.

Grand Total: 132 creatures vanquished

Notes
Turn   | Place    | Note
-------+----------+-------------------------------------------
     0 | D:1      | Mulxbf the Minotaur Fighter began the quest for the Orb.
     0 | D:1      | Reached XP level 1. HP: 19/19 MP: 0/0
   169 | D:1      | Reached XP level 2. HP: 27/27 MP: 1/1
   225 | D:1      | Reached skill level 3 in Axes
   756 | D:1      | Reached XP level 3. HP: 30/33 MP: 2/2
  1005 | D:2      | Reached skill level 4 in Axes
  1613 | D:2      | Reached XP level 4. HP: 37/40 MP: 3/3
  1704 | D:2      | Reached skill level 5 in Axes
  2607 | D:3      | Found a faded altar of an unknown god.
  2815 | D:3      | Noticed Ijyb
  2826 | D:3      | Killed Ijyb
  2827 | D:3      | Reached skill level 6 in Axes
  2827 | D:3      | Reached XP level 5. HP: 34/46 MP: 4/4
  3007 | D:4      | Found a glowing drain.
  3042 | Sewer    | Entered a sewer
  3104 | Sewer    | Reached skill level 7 in Axes
  3208 | D:4      | Found a sparkling altar of Nemelex Xobeh.
  3220 | D:4      | Became a worshipper of Nemelex Xobeh the Trickster
  3299 | D:4      | Found a staircase to the Ecumenical Temple.
  3456 | D:4      | Found a transporter.
  3552 | D:4      | Found a transporter.
  3557 | D:4      | Noticed a fire bat
  3557 | D:4      | Noticed a fire bat
  3726 | D:5      | Entered Level 5 of the Dungeon
  3736 | D:5      | Reached XP level 6. HP: 52/52 MP: 5/5
  3958 | D:5      | Reached skill level 8 in Axes
  4512 | D:5      | Noticed Prince Ribbit
  4529 | D:5      | Killed Prince Ribbit
  4530 | D:5      | Reached skill level 9 in Axes
  4530 | D:5      | Reached XP level 7. HP: 38/58 MP: 6/6
  4693 | D:5      | Noticed Edmund
  4702 | D:5      | Killed Edmund
  4703 | D:5      | Reached skill level 10 in Axes
  5247 | D:5      | Reached skill level 11 in Axes
  5247 | D:5      | Reached XP level 8. HP: 66/66 MP: 7/7
  5424 | D:6      | Reached * piety under Nemelex Xobeh
  5523 | D:6      | Received a gift from Nemelex Xobeh
  5566 | D:6      | Noticed Blork the orc
  5575 | D:6      | Killed Blork the orc
  5576 | D:6      | Reached skill level 1 in Invocations
  5878 | D:7      | Found a runed translucent gate.
  5878 | D:7      | Found a runed translucent gate.
  5879 | D:7      | Found a runed translucent gate.
  6532 | D:7      | Received a gift from Nemelex Xobeh
  6576 | D:7      | HP: 3/67 [something (9)]
  6576 | D:7      | HP: 1/67 [something (2)]
  6577 | D:7      | Slain by an unseen horror

Illustrated notes

Levels and vault maps discovered:
D:1:      moated_graveyard_arrival, layout_loops_cross, minmay_misc_feat_alley
D:2:      layout_basic
D:3:      layout_loops_ring, ebering_ecumenical_altar_box,
          minmay_gold_behind_fungi, minivault_23, uniq_ijyb
D:4:      gammafunk_cloud_chamber, layout_loops_cross,
          nicolae_overflow_crystal_walls, minmay_temple_entry_sparse_star,
          cheibrodos_sewer_entry_sluice, minmay_misc_feat_roman
D:5:      layout_loops_ring, uniq_prince_ribbit1, uniq_edmund
D:6:      layout_cave_pools, uniq_blork_the_orc
D:7:      layout_basic, mainiacjoe_overflow_surrounded_room,
          gammafunk_ghost_icy, grunt_ogre_cave

Skill      XL: |  1  2  3  4  5  6  7  8 |
---------------+-------------------------+-----
Axes           | 3 4 6 7 9 11 | 11.8
Fighting       | 4 |  4.7
Armour         | 4 |  4.8
Invocations    | 2 |  2.1
Shields        | |  3.8

Action                     |  1- 3 |  4- 6 |  7- 9 || total
---------------------------+-------+-------+-------++-------
  Melee: War axe           |    98 |   165 |    95 ||   358
         Headbutt          |    11 |    21 |    12 ||    44
         Dire flail        |       |       |     6 ||     6
 Invoke: Draw Escape       |       |       |     1 ||     1
         Draw Destruction  |       |       |     1 ||     1
         Draw Summoning    |       |       |     1 ||     1
  Evoke: Wand              |       |       |     4 ||     4
    Use: Scroll            |     3 |     3 |     6 ||    12
         Potion            |       |       |     3 ||     3
 Armour: Scale mail        |    13 |       |       ||    13
         Chain mail        |    67 |   124 |   139 ||   330
  Dodge: Dodged            |    58 |    61 |    32 ||   151
  Block: Buckler           |    28 |    40 |    16 ||    84
